AoeStats
← Crab_King

Nomad

504388050Analyzed
2v2 RM · 29d ago on Sep 5, 2026· 54m 57s· 4 players
Game mode
Random Map
Map size
176×176
Population
200
Speed
Normal
Resources
Standard
Victory
Conquest
Starting age
Dark Age
Ending age
Imperial Age
RankedLock teamsTeams togetherTeam positionsShared explorationLock speedFull tech treeHidden civsTurbo modeCheats
Victory
Defeat
🇲🇽 Malay · Mexico
1003
+14
🇵🇪 Teutons · Peru
908
+19
🇺🇸 Maya · United States
977
-17
🇺🇸 Byzantines · United States
945
-16
Inflation
10:41 Loom
13:50 Feudal Age
14:26 Double-Bit Axe
14:25 Horse Collar
18:59 Forging
23:28 Scale Barding Armor
28:15 Castle Age
29:55 Husbandry
32:04 Iron Casting
35:58 Medium Warships
36:13 Heavy Plow
42:51 Imperial Age
42:56 Pikeman
50:45 Squires
52:36 Man-at-Arms
53:14 Light Cavalry
Crab_King
3:09 Loom
14:35 Feudal Age
15:04 Town Watch
15:57 Horse Collar
17:12 Double-Bit Axe
20:22 Castle Age
20:25 Crossbowman
25:27 Wheelbarrow
26:03 Bow Saw
26:13 Heavy Plow
26:11 Fletching
26:56 Thumb Ring
29:15 Stone Mining
29:27 Pikeman
32:01 Bodkin Arrow
32:06 Gold Mining
34:40 Padded Archer Armor
35:34 Ballistics
41:05 Imperial Age
41:25 Hand Cart
41:51 Bracer
41:12 Arbalester
42:54 Chemistry
43:09 Leather Archer Armor
47:22 Ring Archer Armor
47:02 Squires
47:04 Scale Mail Armor
48:41 Capped Ram
49:13 Halberdier
50:10 Chain Mail Armor
54:53 Plate Mail Armor
ROCK ON - 16
4:57 Loom
14:28 Feudal Age
21:29 Castle Age
19:45 Fishing Lines
22:29 Wheelbarrow
22:02 Gillnets
22:17 Pikeman
23:36 Double-Bit Axe
29:30 Hand Cart
31:17 Forging
32:16 Medium Warships
33:40 Iron Casting
41:15 Imperial Age
41:21 Imperial Age
41:10 Conscription
42:27 Sanctity
41:45 Elite Battle Elephant
42:26 Husbandry
42:32 Elite Karambit Warrior
47:18 Padded Archer Armor
47:10 Fletching
47:10 Elite Skirmisher
48:14 Bodkin Arrow
48:36 Leather Archer Armor
48:27 Scale Barding Armor
49:00 Ballistics
50:37 Ring Archer Armor
50:09 Bracer
53:03 Chemistry
Disaster
15:18 Feudal Age
15:48 Double-Bit Axe
15:44 Horse Collar
16:01 Gold Mining
17:28 Bloodlines
21:04 Forging
25:34 Castle Age
26:12 Scale Barding Armor
31:12 Stone Mining
32:39 Bow Saw
33:37 Town Watch
34:37 Heavy Plow
35:34 Stone Shaft Mining
35:42 Squires
35:30 Gambesons
35:30 Arson
37:30 Ballistics
37:23 Masonry
38:16 Wheelbarrow
38:38 Chain Barding Armor
38:53 Iron Casting
39:26 Fervor
40:15 Iron Casting
40:43 Hand Cart
40:28 Town Patrol
41:26 Scale Mail Armor
45:37 Imperial Age
44:40 Loom
45:51 Chain Mail Armor
46:40 Crenellations
46:42 Conscription
47:01 Crop Rotation
46:59 Arrowslits
48:16 Chemistry
49:06 Fletching
49:16 Padded Archer Armor
49:51 Cavalier
50:03 Elite Skirmisher
50:06 Crossbowman
50:45 Bodkin Arrow
51:05 Leather Archer Armor
51:27 Plate Barding Armor
51:53 Blast Furnace
52:53 Ring Archer Armor
52:54 Plate Mail Armor
54:14 Two-Man Saw
Connection lost

Rejoining the realm…

Still unreachable

The connection could not be restored.

Session expired

The server has moved on; the page needs a fresh start.